 Dungeon Crawl Stone Soup version 0.28-a0-1624-g820543e53a (webtiles) character file.

Game seed: 7411180590197906643

38 HallandMoats the Vandal (level 3, 30/30 HPs)
             Began as a Ghoul Hunter on Jan 23, 2022.
             Was a Follower of Nemelex Xobeh.
             Safely got out of the dungeon.
             The game lasted 00:01:39 (923 turns).

HallandMoats the Vandal (Ghoul Hunter)               Turns: 923, Time: 00:01:40

Health: 30/30      AC:  5    Str: 15    XL:     3   Next: 43%
Magic:  2/2        EV: 11    Int:  6    God:    Nemelex Xobeh [*.....]
Gold:   10         SH:  0    Dex: 11    Spells: 2/2 levels left

rFire   . . .      SeeInvis .   b - +1 hunting sling
rCold   + . .      Faith    .   (no shield)
rNeg    + + +      Spirit   .   j - +1 leather armour {rN+}
rPois   ∞          Reflect  .   f - +0 helmet
rElec   .          Harm     .   (no cloak)
rCorr   .          Rampage  .   (no gloves)
Will    .....                   (no boots)
Stlth   +.........              (no amulet)
HPRegen 0.10/turn               (no ring)
MPRegen 0.08/turn               (no ring)

@: no status effects
A: claws 1, cold resistance 1, negative energy resistance 3, inhibited
regeneration, torment resistance 2
a: Renounce Religion, Draw Escape, Draw Destruction, Draw Summoning


You escaped.
You worshipped Nemelex Xobeh.
Nemelex Xobeh was aware of your devotion.
You visited 1 branch of the dungeon, and saw 1 of its levels.

You collected 10 gold pieces.

Inventory:

Hand Weapons
 a - a +1 whip of venom
 b - a +1 hunting sling (weapon)
Missiles
 d - 52 sling bullets (quivered ammo)
 k - 5 stones
Armour
 f - a +0 helmet (worn)
 j - a +1 leather armour of positive energy (worn)
Scrolls
 c - a scroll of torment {unknown}
 e - a scroll of brand weapon {unknown}
 g - a scroll of identify {unknown}
 i - a scroll of fog {unknown}
Potions
 h - a potion of curing {unknown}


   Skills:
 + Level 2.6 Fighting
 * Level 4.0 Slings
 + Level 1.0 Armour
 + Level 2.1 Dodging
 - Level 1.1 Stealth


You had 2 spell levels left.
You didn't know any spells.
Your spell library was empty.

Dungeon Overview and Level Annotations

Branches:
Dungeon (1/15)

Altars:
Nemelex Xobeh


Innate Abilities, Weirdness & Mutations

You thrive by killing the living.
You are immune to poison.
You have sharp fingernails.
Your flesh is cold resistant. (rC+)
You are immune to negative energy. (rN+++)
You do not regenerate when monsters are visible.
You are immune to unholy pain and torment.


Message History

The kobold hits you with a +0 dagger.
A kobold is nearby!
You shoot a sling bullet. The sling bullet hits the kobold.
You kill the kobold!
HP restored.
k - 5 stones;
d - 52 sling bullets (gained 2)
Things that are here:
a +0 dagger; a kobold corpse No target in view!
d - 53 sling bullets (gained 1)
Things that are here:
a +0 dagger; a kobold corpse Done exploring.
No target in view!
Done exploring.
No target in view!
Done exploring.
No target in view!
Done exploring.
No target in view!
Done exploring.
No target in view!
Done exploring.
There are no items here.
You drop a sling bullet.
Number of times to repeat, then command key: You must enter the number of times for the command to repeat.
(D) Dungeon
Where to? (Enter - D:1 @ (x,y), ? - help)
What level of the Dungeon? (default 1, ? - help)
You see here a bat corpse.
There is an open door here.
You open the door.
There is an open door here.
There is a fountain of clear blue water here.
You enter the shallow water.
Moving in this stuff is going to be slow.
There is a staircase leading out of the dungeon here.
Are you sure you want to leave the Dungeon?
This will make you lose the game!
You have escaped!

###############
#≈≈≈≈≈≈≈≈≈≈≈≈≈#
#≈≈≈≈≈≈≈≈≈≈≈≈≈#
#≈≈≈≈≈≈≈≈≈≈≈≈≈#
#≈≈≈≈≈≈≈≈≈≈≈≈≈#
#≈≈≈≈≈...≈≈≈≈≈#
#≈≈≈≈..@..≈≈≈≈##########
#≈≈≈≈≈...≈≈≈≈≈#...>.....
#≈≈≈≈≈≈≈≈≈≈≈≈≈#.##.##...
#≈≈≈≈≈≈≈≈≈≈≈≈≈#.........
#≈≈≈≈≈≈≈≈≈≈≈≈≈#....##...
#≈≈≈≈≈≈≈≈≈≈≈≈≈#.#..##...
#≈≈≈≈≈≈≈≈≈≈≈≈≈#.#..##...
#≈≈≈≈≈≈≈≈≈≈≈≈≈#.#..#####
#≈≈≈≈≈≈≈≈≈≈≈≈≈#.#..#


There were no monsters in sight!

Vanquished Creatures
  2 dart slugs (D:1)
  5 bats (D:1)
  2 endoplasms (D:1)
  3 goblins (D:1)
  A hobgoblin (D:1)
  3 jackals (D:1)
  3 quokkas (D:1)
  4 ball pythons (D:1)
  A frilled lizard (D:1)
  3 kobolds (D:1)
  4 rats (D:1)
31 creatures vanquished.

Notes
Turn   | Place    | Note
-------+----------+-------------------------------------------
     0 | D:1      | HallandMoats the Ghoul Hunter began the quest for the Orb.
     0 | D:1      | Reached XP level 1. HP: 17/17 MP: 0/0
   162 | D:1      | Reached XP level 2. HP: 25/25 MP: 1/1
   276 | D:1      | Found a faded altar of an unknown god.
   443 | D:1      | Reached skill level 4 in Slings
   443 | D:1      | Reached XP level 3. HP: 30/30 MP: 2/2
   548 | D:1      | Prayed at the altar of an unknown god.
   548 | D:1      | Became a worshipper of Nemelex Xobeh the Trickster
   548 | D:1      | Reached * piety under Nemelex Xobeh
   548 | D:1      | Received a gift from Nemelex Xobeh
   630 | D:1      | Reached skill level 1 in Armour
   923 | D:$      | Safely got out of the dungeon.

Illustrated notes

Levels and vault maps discovered:
D:1:      zaba_arrival_water, layout_basic, ebering_ecumenical_altar_mist,
          glass_columns_c

Skill      XL: |  1  2  3 |
---------------+----------+-----
Dodging        | 2 |  2.1
Slings         | 4 |  4.0
Armour         | 1 |  1.0
Fighting       | |  2.6
Stealth        | |  1.1

Action                   || total
-------------------------++-------
 Fire: Hunting sling     ||    74
Armor: Leather armour    ||    11
Dodge: Dodged            ||    22

Table legend: (Time is in decaauts)
 A = Elapsed time spent in this place.
 B = Non-inter-level travel time spent in this place.
 C = Inter-level travel time spent in this place.
 D = Time resting spent in this place.
 E = Time spent auto-exploring this place.
 F = Levels seen in this place.
 G = Mean time per level.
                   A        B        C        D        E       F      G
               +--------+--------+--------+--------+--------+-----+--------+
         Total |    936 |    818 |    118 |      0 |    628 |   1 |  936.0 |
       Dungeon |    936 |    818 |    118 |      0 |    628 |   1 |  936.0 |
               +--------+--------+--------+--------+--------+-----+--------+

Top non-repeatable levels by time:
     D:1: 936 daAuts
